General information
- name: BNet
- type: Ladder team game (AT/RT)
- host: Battle.net
- saver: gREEDoFtHEnOOB
map: GnollWood
- players: 4
- length: 09:52
- speed: Fast
- version: 1.21 W3XP
- replay type: Public
» download(65 KB)
Players
team 1 (loser)
b0lt (
yellow | 134 APM | 1302 actions | 09:44)
1 Archmage
1 Summon Water Elemental
» actions
| Assign group hotkey | 18 | |
| Basic commands | 48 | |
| Build / train | 27 | |
| ESC pressed | 4 | |
| Enter build submenu | 17 | |
| Enter hero's abilities submenu | 1 | |
| Right click | 895 | |
| Select / deselect | 183 | |
| Select group hotkey | 80 | |
| Use ability | 29 | |
1302 total
» units
» buildings
| Altar of Kings | 1 | |
| Farm | 9 | |
| Barracks | 1 | |
| Keep | 1 | |
| Blacksmith | 1 | |
| Castle | 1 | |
| Lumber Mill | 1 | |
15 total
» build order
00:10 Altar of Kings
00:14 Farm
00:38 Barracks
00:59 Farm
01:42 Farm
02:23 Farm
02:25 Farm
03:12 Keep
03:15 Farm
03:53 Farm
04:32 Farm
04:47 Blacksmith
05:47 Farm
06:37 Castle
08:24 Lumber Mill
GankedAgain (
purple | 106 APM | 1044 actions | 09:50)
2 Death Knight
1 Death Coil
1 Death Pact
» actions
| Assign group hotkey | 15 | |
| Basic commands | 74 | |
| Build / train | 36 | |
| ESC pressed | 1 | |
| Enter build submenu | 12 | |
| Enter hero's abilities submenu | 2 | |
| Right click | 492 | |
| Select / deselect | 163 | |
| Select group hotkey | 231 | |
| Use ability | 18 | |
1044 total
» units
| Acolyte | 2 | |
| Ghoul | 5 | |
| Crypt Fiend | 19 | |
26 total
» buildings
| Crypt | 1 | |
| Ziggurat | 4 | |
| Altar of Darkness | 1 | |
| Graveyard | 1 | |
| Tomb of Relics | 2 | |
| Halls of the Dead | 4 | |
13 total
» build order
00:07 Crypt
00:08 Ziggurat
00:35 Altar of Darkness
01:01 Graveyard
01:14 Ziggurat
02:19 Tomb of Relics
03:19 Ziggurat
04:04 Tomb of Relics
05:05 Ziggurat
05:47 Halls of the Dead
05:48 Halls of the Dead
team 2 (winner)
gREEDoFtHEnOOB (
red | 85 APM | 836 actions | 09:52)
3 Archmage
2 Summon Water Elemental
1 Brilliance Aura
1 Mountain King
1 Storm Bolt
» actions
| Assign group hotkey | 26 | |
| Basic commands | 27 | |
| Build / train | 36 | |
| Enter build submenu | 17 | |
| Enter hero's abilities submenu | 4 | |
| Right click | 415 | |
| Select / deselect | 217 | |
| Select group hotkey | 67 | |
| Use ability | 27 | |
836 total
» units
| Peasant | 8 | |
| Footman | 3 | |
| Rifleman | 7 | |
| Sorceress | 2 | |
| Priest | 2 | |
22 total
» upgrades
» buildings
| Altar of Kings | 1 | |
| Farm | 8 | |
| Barracks | 1 | |
| Scout Tower | 1 | |
| Arcane Tower | 1 | |
| Blacksmith | 1 | |
| Arcane Vault | 1 | |
| Keep | 1 | |
| Lumber Mill | 1 | |
| Arcane Sanctum | 1 | |
| Castle | 1 | |
18 total
» build order
00:08 Altar of Kings
00:19 Farm
00:20 Farm
00:33 Barracks
01:38 Scout Tower
01:54 Farm
02:06 Arcane Tower
02:25 Blacksmith
02:48 Farm
03:26 Arcane Vault
04:00 Keep
04:44 Farm
04:46 Lumber Mill
05:18 Farm
06:39 Arcane Sanctum
08:19 Farm
09:41 Castle
09:44 Farm
» items
green-t (
teal | 100 APM | 981 actions | 09:51)
3 Far Seer
2 Feral Spirit
1 Chain Lighting
2 Shadow Hunter
1 Hex
1 Healing Wave
» actions
| Assign group hotkey | 11 | |
| Build / train | 45 | |
| Enter build submenu | 9 | |
| Enter hero's abilities submenu | 5 | |
| Right click | 620 | |
| Select / deselect | 189 | |
| Select group hotkey | 62 | |
| Use ability | 40 | |
981 total
» units
| Peon | 9 | |
| Grunt | 10 | |
| Spirit Walker | 2 | |
| Raider | 3 | |
24 total
» upgrades
| Berserker Strength | 1 | |
| Ensnare | 1 | |
2 total
» buildings
| Altar of Storms | 1 | |
| Orc Burrow | 4 | |
| Barracks | 1 | |
| Stronghold | 3 | |
| Voodoo Lounge | 1 | |
| Beastiary | 1 | |
| Spirit Lodge | 1 | |
12 total
» build order
00:04 Altar of Storms
00:10 Orc Burrow
00:25 Barracks
01:20 Orc Burrow
02:41 Stronghold
02:41 Stronghold
03:17 Voodoo Lounge
03:59 Orc Burrow
05:55 Beastiary
05:58 Spirit Lodge
06:01 Orc Burrow
» items
| Healing Salve | 2 | |
| Scroll of Speed | 1 | |
| Lesser Clarity Potion | 1 | |
4 total
Chat log
(00:04 / All) gREEDoFtHEnOOB: lol sup b0lt
(00:13 / Allies) green-t: is he a goon?
(00:16 / All) b0lt: what
(00:16 / Allies) gREEDoFtHEnOOB: yes but i wont talk
(00:23 / All) gREEDoFtHEnOOB: stairs in your house
(00:27 / All) b0lt: gunes
(00:28 / All) GankedAgain: protected
(00:34 / Allies) green-t: music off
(00:36 / Allies) green-t: we rape these goons
(00:38 / Allies) gREEDoFtHEnOOB: i always listen to music
(00:52 / Allies) green-t: distracts me soetines
(00:54 / Allies) green-t: i need wc sounds
(01:08 / All) gREEDoFtHEnOOB: didnt you get banned for mh
(01:10 / All) gREEDoFtHEnOOB: :-/
(01:13 / All) b0lt: no
(01:15 / Allies) green-t: stop talking
(01:38 / All) b0lt: that guy who posted the replay was maphacking really hard
(01:40 / Allies) green-t: ill take care of the ud
(01:47 / All) b0lt: so i turned mine on
(01:48 / Allies) gREEDoFtHEnOOB: what shall id o
(01:57 / Allies) gREEDoFtHEnOOB: foots rifles
(01:58 / Allies) gREEDoFtHEnOOB: strat
(02:00 / Allies) gREEDoFtHEnOOB: let's go to hu
(02:01 / Allies) green-t: i dunno
(02:08 / Allies) green-t: nah
(02:09 / Allies) green-t: i got ud
(02:11 / Allies) green-t: cant let him creep
(04:33 / Allies) green-t: fuck iwaste tp
(04:55 / Allies) gREEDoFtHEnOOB: hit hu?
(05:34 / Allies) gREEDoFtHEnOOB: get his am low
(05:37 / Allies) gREEDoFtHEnOOB: then when he pt he dead
(06:09 / Allies) green-t: going to hu
(06:38 / Allies) green-t: dk
(06:39 / Allies) green-t: dk
(08:09 / Allies) green-t: dk
(09:13 / Allies) green-t: dont tp
(09:30 / All) green-t: goon game
(09:30 / All) gREEDoFtHEnOOB: goon game
(09:42 / All) b0lt: gee gee